 Dungeon Crawl Stone Soup version 0.32-a0-128-g77eb882913 (webtiles) character file.

Game seed: 17082535022209095974

29 PriceMaster the Firebug (level 3, -8/21 HPs)
             Began as an Octopode Fire Elementalist on Feb 8, 2024.
             Killed by an exploding quokka (29 damage)
             ... ignited by their inner flame
             ... on level 1 of the Dungeon.
             The game lasted 00:02:21 (1447 turns).

PriceMaster the Firebug (OpFE)                      Turns: 1447, Time: 00:02:21

Health: -8/21      AC:  1    Str:  7    XL:     3   Next: 16%
Magic:  0/6        EV: 13    Int: 19    God:
Gold:   54         SH:  5    Dex: 12    Spells: 0/6 levels left

rFire   . . .        e - +0 dagger
rCold   . . .        (no shield)
rNeg    . . .        (helmet restricted)
rPois   .            h - amulet of reflection
rElec   .            (no ring)
rCorr   .            (no ring)
SInv    .            (no ring)
Will    .....        (no ring)
Stlth   +++          (no ring)
HPRegen 0.23/turn    (no ring)
MPRegen 0.10/turn    (no ring)
                     (no ring)

%: reflection
@: no status effects
A: almost no armour, amphibious, 8 rings, camouflage 1, gelatinous body 1,
(nimble swimmer 1), tentacles
a: no special abilities


You were on level 1 of the Dungeon.
You visited 1 branch of the dungeon, and saw 1 of its levels.

You collected 54 gold pieces.

Inventory:

Hand Weapons
 e - a +0 dagger (weapon)
Jewellery
 h - an amulet of reflection (around mantle)
Talismans
 d - a blade talisman
Scrolls
 c - a scroll of identify {unknown}
 f - a scroll of enchant weapon {unknown}
Potions
 a - a potion of magic
 b - 2 potions of degeneration {unknown}
 g - a potion of enlightenment {unknown}


   Skills:
 + Level 0.1 Fighting
 + Level 2.5 Dodging
 + Level 3.1 Stealth
 + Level 2.2 Spellcasting
 + Level 1.0 Conjurations
 + Level 3.4 Fire Magic


You couldn't memorise any spells.
You knew the following spells:

 Your Spells              Type           Power      Damage    Failure   Level
a - Foxfire               Conj/Fire      40%        2x1d6     7%          1
b - Scorch                Fire           30%        2d6       6%          2
c - Inner Flame           Hex/Fire       8%         N/A       24%         3

Your spell library contained the following spells:

 Spells                   Type           Power      Damage    Failure   Level
 Volatile Blastmotes      Fire/Tloc      16%        2d11      24%         3
 Flame Wave               Conj/Fire      10%        2d6       54%         4


Dungeon Overview and Level Annotations

Branches:
Dungeon (1/15)

Altars:


Innate Abilities, Weirdness & Mutations

You cannot wear most types of armour.
You are amphibious.
You can wear up to eight rings at the same time.
Your skin changes colour to match your surroundings (Stealth+).
Your rubbery body absorbs attacks. (AC +1, EV +1)
((You are camouflaged when in or above water. (Stealth+)))
You have tentacles for arms and can constrict up to eight enemies at once.


Message History

You see here a bat corpse.
As you open the door, it creaks loudly!
You hear a shout!
You hear a loud squeak.
A goblin comes into view. It is wielding a +0 club.
There is an open door here.
A goblin is nearby!
A rat comes into view.
Casting: Scorch (safe; 6% risk of failure)
Confirm with . or Enter, or press ? or * to list all spells.
You conjure some foxfire!
The foxfire hits the goblin.
You kill the goblin!
Casting: Foxfire (safe; 7% risk of failure)
Confirm with . or Enter, or press ? or * to list all spells.
Flames lash the rat.
You kill the rat!
Your foxfire dissipates!
A quokka comes into view.
A quokka is nearby!
Casting: Scorch (safe; 6% risk of failure)
Confirm with . or Enter, or press ? or * to list all spells.
Aiming: Inner Flame (extremely dangerous; 24% risk of failure)
Press: ? - help, Dir - move target, f - quokka
Aim: a quokka (chance to affect: 72%)
The quokka is filled with an inner flame.
Casting: Inner Flame (extremely dangerous; 24% risk of failure)
Confirm with . or Enter, or press ? or * to list all spells.
You don't have enough magic to cast this spell.
Casting: Inner Flame (extremely dangerous; 24% risk of failure)
Confirm with . or Enter, or press ? or * to list all spells.
You don't have enough magic to cast this spell.
Casting: Inner Flame (extremely dangerous; 24% risk of failure)
Confirm with . or Enter, or press ? or * to list all spells.
You conjure some foxfire!
The foxfire hits the quokka.
Flame seeps out of the quokka.
The quokka is heavily wounded.
You open the door.
The foxfire hits the quokka.
The quokka explodes!
The fiery explosion engulfs you!!
Ouch! That really hurt!
You die...

#.#.# ##...... #.# ####.#.#
##)....## ####.# .......#
##.......## ##.##.#
##...####.........####...#.##
#.......'.........+..........
#....####.........###....#.##
#.....# ##.§§§...# #.#.##.#
#....## ##.○...#####.####.#
###.## ##@§.####≈#.#≈##.# #.#
##'####≈P...♣≈###
#.#########.# #≈PßP.♣ß♣≈#
#........##.# ##≈P...♣≈##
#.######.##.####≈P.<.P≈##
#.###.†.......#≈PßP~PßP≈#
#.....##......##≈P≈~≈P≈##
#.######.#...####≈#.#≈##
#.######.##.###.###.###


There were no monsters in sight!

Vanquished Creatures
  A dart slug (D:1)
  2 ball pythons (D:1)
  2 endoplasms (D:1)
  A giant cockroach (D:1)
  A goblin (D:1)
  4 hobgoblins (D:1)
  4 kobolds (D:1)
  2 quokkas (D:1)
  3 bats (D:1)
  2 frilled lizards (D:1)
  5 rats (D:1)
27 creatures vanquished.

Vanquished Creatures (others)
  29 foxfires (D:1)
29 creatures vanquished.

Grand Total: 56 creatures vanquished

Notes
Turn   | Place    | Note
-------+----------+-------------------------------------------
     0 | D:1      | PriceMaster the Octopode Fire Elementalist began the quest
                  | for the Orb.
     0 | D:1      | Reached XP level 1. HP: 11/11 MP: 3/3
   260 | D:1      | Reached XP level 2. HP: 1/17 MP: 3/5
   475 | D:1      | Learned a level 2 spell: Scorch
   986 | D:1      | Reached XP level 3. HP: 21/21 MP: 6/6
   990 | D:1      | Learned a level 3 spell: Inner Flame
  1447 | D:1      | Killed by an exploding quokka... ignited by their inner
                  | flame

Illustrated notes

Levels and vault maps discovered:
D:1:      ldierk_walled_garden_2, layout_loops_corners

Skill      XL: |  1  2 |
---------------+-------+-----
Stealth        | 3 |  3.1
Fighting       | |  0.1
Dodging        | |  2.5
Spellcasting   | |  2.2
Conjurations   | |  1.0
Fire Magic     | |  3.4

Action                     || total
---------------------------++-------
  Melee: Unarmed           ||    16
         Constrict         ||     7
         Tentacles         ||     2
         Dagger            ||    18
   Cast: Foxfire           ||    18
         Scorch            ||     4
         Inner Flame       ||     2
   Stab: Sleeping          ||     4
 Armour: Skin              ||    11
  Dodge: Dodged            ||    18
   Form: Blade             ||     1
                           ||     1

Table legend: (Time is in decaauts)
 A = Elapsed time spent in this place.
 B = Non-inter-level travel time spent in this place.
 C = Inter-level travel time spent in this place.
 D = Time resting spent in this place.
 E = Time spent auto-exploring this place.
 F = Levels seen in this place.
 G = Mean time per level.
                   A        B        C        D        E       F      G
               +--------+--------+--------+--------+--------+-----+--------+
         Total |   1446 |   1446 |      0 |    557 |    704 |   1 | 1446.0 |
       Dungeon |   1446 |   1446 |      0 |    557 |    704 |   1 | 1446.0 |
               +--------+--------+--------+--------+--------+-----+--------+

Top non-repeatable levels by time:
     D:1: 1446 daAuts
